 Dungeon Crawl Stone Soup version 0.31-a0-1074-g0b22e4e0f1 (webtiles) character file.

Game seed: 1280411187133102645

26 Lobster4 the Chiller (level 3, 0/25 HPs)
             Began as a Human Ice Elementalist on Dec 2, 2023.
             Slain by a quokka (3 damage)
             ... on level 1 of the Dungeon.
             The game lasted 00:01:59 (544 turns).

Lobster4 the Chiller (Human Ice Elementalist)        Turns: 544, Time: 00:01:59

Health: 0/25       AC:  2    Str:  8    XL:     3   Next: 22%
Magic:  0/6        EV: 12    Int: 17    God:
Gold:   42         SH:  0    Dex: 13    Spells: 5/6 levels left

rFire   . . .        (no weapon)
rCold   . . .        (no shield)
rNeg    . . .        a - +0 robe
rPois   .            (no helmet)
rElec   .            (no cloak)
rCorr   .            (no gloves)
SInv    +            (no boots)
Will    .....        (no amulet)
Stlth   ++           e - ring of see invisible
HPRegen 0.24/turn    (no ring)
MPRegen 0.10/turn

%: no passive effects
@: no status effects
A: no striking features
a: no special abilities


You were on level 1 of the Dungeon.
You visited 1 branch of the dungeon, and saw 1 of its levels.

You collected 42 gold pieces.

Inventory:

Missiles
 d - 21 stones
 f - 5 poisoned darts
Armour
 a - a +0 robe (worn)
Jewellery
 e - a ring of see invisible (left hand)
Scrolls
 c - a scroll of revelation {unknown}
 g - a scroll of silence {unknown}
Potions
 b - a potion of magic


   Skills:
 + Level 0.9 Fighting
 + Level 1.0 Armour
 - Level 2.0 Dodging
 - Level 2.0 Stealth
 + Level 2.2 Spellcasting
 * Level 4.4 Ice Magic


You had 5 spell levels left.
You knew the following spells:

 Your Spells              Type           Power      Damage    Failure   Level
a - Freeze                Ice            64%        1d7       3%          1

Your spell library contained the following spells:

 Spells                   Type           Power      Damage    Failure   Level
 Frozen Ramparts          Ice            32%        1d5       10%         3
 Ozocubu's Armour         Ice            16%        N/A       10%         3
 Summon Ice Beast         Ice/Summ       9%         N/A       58%         4
 Conjure Ball Lightning   Conj/Air       0%         3x3d6     100%        6
 Discord                  Hex            0%         N/A       100%        8
 Disjunction              Tloc           0%         N/A       100%        8


Dungeon Overview and Level Annotations

Branches:
Dungeon (1/15)

Altars:


Message History

You hit the endoplasm.
You kill the endoplasm!
Your Armour skill increases to level 1!
You hit the quokka but do no damage. The quokka closely misses you.
You closely miss the quokka. The quokka completely misses you.
You hit the quokka.
The quokka is moderately wounded.
The quokka bites you but does no damage.
The quokka barely misses you.
You barely miss the quokka.
The quokka is moderately wounded.
The quokka bites you.
* * * LOW HITPOINT WARNING * * *
The quokka attacks as it pursues you! The quokka barely misses you.
You hit the quokka.
The quokka is severely wounded.
The quokka closely misses you.
Casting: Freeze (safe; 3% risk of failure)
Confirm with . or Enter, or press ? or * to list all spells.
Aiming: Freeze (safe; 3% risk of failure)
Press: ? - help, Shift-Dir - straight line, f - quokka
Aim: a quokka (severely wounded)
You freeze the quokka.
The quokka is almost dead.
The quokka bites you.
* * * LOW HITPOINT WARNING * * *
The quokka bites you.
* * * LOW HITPOINT WARNING * * *
The quokka attacks as it pursues you! The quokka barely misses you.
Casting: Freeze (safe; 3% risk of failure)
Confirm with . or Enter, or press ? or * to list all spells.
You don't have enough magic to cast this spell.
You closely miss the quokka.
The quokka is almost dead.
The quokka barely misses you.
You completely miss the quokka.
The quokka is almost dead.
The quokka bites you but does no damage.
The quokka bites you.
You die...

###### #########
......## #.......#
.......## #.......#
........# #.......#
........###.......#
.......).......r@.#
....[...###.......#
(.......# #.......#
.......## #.......#
........ #.......#
........ #.......#
........ ####.####
........## #.#
....####.###


You could see a quokka.

Vanquished Creatures
  3 bats (D:1)
  2 endoplasms (D:1)
  4 giant cockroaches (D:1)
  2 jackals (D:1)
  4 quokkas (D:1)
  2 frilled lizards (D:1)
  3 goblins (D:1)
  2 rats (D:1)
22 creatures vanquished.

Notes
Turn   | Place    | Note
-------+----------+-------------------------------------------
     0 | D:1      | Lobster4 the Human Ice Elementalist began the quest for the
                  | Orb.
     0 | D:1      | Reached XP level 1. HP: 13/13 MP: 3/3
   131 | D:1      | Found a faded altar of an unknown god.
   169 | D:1      | Reached XP level 2. HP: 20/20 MP: 3/5
   391 | D:1      | Reached XP level 3. HP: 25/25 MP: 1/6
   531 | D:1      | Reached skill level 1 in Armour
   538 | D:1      | HP: 1/25 [quokka (1)]
   544 | D:1      | Slain by a quokka

Illustrated notes

Levels and vault maps discovered:
D:1:      saegor_arrival_simple_e, layout_rooms,
          hellmonk_ecumenical_altar_arch_garden

Skill      XL: |  1  2  3 |
---------------+----------+-----
Armour         | 1 |  1.0
Fighting       | |  0.9
Dodging        | |  2.0
Stealth        | |  2.0
Spellcasting   | |  2.2
Ice Magic      | |  4.4

Action                     || total
---------------------------++-------
  Melee: Unarmed           ||    22
   Cast: Freeze            ||    32
 Armour: Robe              ||    31
  Dodge: Dodged            ||    31

Table legend: (Time is in decaauts)
 A = Elapsed time spent in this place.
 B = Non-inter-level travel time spent in this place.
 C = Inter-level travel time spent in this place.
 D = Time resting spent in this place.
 E = Time spent auto-exploring this place.
 F = Levels seen in this place.
 G = Mean time per level.
                   A        B        C        D        E       F      G
               +--------+--------+--------+--------+--------+-----+--------+
         Total |    543 |    543 |      0 |     81 |    283 |   1 |  543.0 |
       Dungeon |    543 |    543 |      0 |     81 |    283 |   1 |  543.0 |
               +--------+--------+--------+--------+--------+-----+--------+

Top non-repeatable levels by time:
     D:1: 543 daAuts
